TOP OF THE 1ST |
Indianapolis HS Rifles batting - Pitching for Oliver Ames HS Tigers : LHP Ray Karl
|
Pitching: LHP Ray Karl
|
|
Batting: RHB Nathan Smith
|
0-0: Swinging Strike 0-1: Ball 1-1: Ball 2-1: Swinging Strike 2-2: Foul Ball, location: 2F 2-2: Ball 3-2: Strikes out swinging
|
Batting: LHB Jason Welch
|
0-0: Swinging Strike 0-1: SOLO HOME RUN (Flyball, 89XD), Distance : 410 ft
|
Batting: RHB Joe Noble
|
0-0: Called Strike 0-1: Ball 1-1: Ball 2-1: Foul Ball, location: 2F 2-2: Ball 3-2: Ground out 2-3 (Groundball, 25)
|
Batting: RHB Joe Farrell
|
0-0: Ball 1-0: Called Strike 1-1: Foul Ball, location: 2F 1-2: Ball 2-2: Ball 3-2: Fly out, F7 (Flyball, 7M)
|
Top of the 1st over - 1 run(s), 1 hit(s), 0 error(s), 0 left on base; Indianapolis HS 1 - Oliver Ames HS 0 |
BOTTOM OF THE 1ST |
Oliver Ames HS Tigers batting - Pitching for Indianapolis HS Rifles : RHP Jack Ingram
|
Pitching: RHP Jack Ingram
|
|
Batting: RHB Quentin Underwood
|
0-0: Called Strike 0-1: Foul Ball, location: 2F 0-2: Ground out 6-3 (Groundball, 6M)
|
Batting: RHB Pat Young
|
0-0: Called Strike 0-1: Ball 1-1: Foul Ball, location: 2F 1-2: Strikes out looking
|
Batting: RHB David Morgan
|
0-0: Called Strike 0-1: SINGLE (Line Drive, 9S)
|
Batting: SHB David Castaneda
|
0-0: Ball 1-0: Ball 2-0: Ball 3-0: Called Strike 3-1: Called Strike 3-2: Fly out, F7 (Flyball, 78M)
|
Bottom of the 1st over - 0 run(s), 1 hit(s), 0 error(s), 1 left on base; Indianapolis HS 1 - Oliver Ames HS 0 |
TOP OF THE 2ND |
Indianapolis HS Rifles batting - Pitching for Oliver Ames HS Tigers : LHP Ray Karl
|
Batting: LHB Dave Sanders
|
0-0: Ball 1-0: Called Strike 1-1: Foul Ball, location: 2F 1-2: Foul Ball, location: 2F 1-2: Strikes out swinging
|
Batting: RHB Wesley Wood
|
0-0: Called Strike 0-1: Ball 1-1: DOUBLE (Line Drive, 9LM)
|
Batting: RHB Juan Reyes
|
0-0: Called Strike 0-1: Foul Ball, location: 2F 0-2: Strikes out swinging
|
Batting: RHB Lyle Jackson
|
0-0: Called Strike 0-1: Fly out, F3 (Popup, 23F)
|
Top of the 2nd over - 0 run(s), 1 hit(s), 0 error(s), 1 left on base; Indianapolis HS 1 - Oliver Ames HS 0 |
BOTTOM OF THE 2ND |
Oliver Ames HS Tigers batting - Pitching for Indianapolis HS Rifles : RHP Jack Ingram
|
Batting: LHB Tracy Becker
|
0-0: Called Strike 0-1: SINGLE (Line Drive, 6D)
|
Batting: LHB Jason King
|
0-0: Swinging Strike 0-1: Ball 1-1: Called Strike 1-2: Foul Ball, location: 2F 1-2: Foul Ball, location: 2F 1-2: Ball 2-2: Strikes out swinging
|
Batting: RHB Keith Thomas
|
0-0: Swinging Strike 0-1: Foul Ball, location: 2F 0-2: Ball 1-2: Strikes out looking
|
Batting: RHB Earl Frank
|
0-0: Called Strike 0-1: Fly out, F9 (Popup, 4D)
|
Bottom of the 2nd over - 0 run(s), 1 hit(s), 0 error(s), 1 left on base; Indianapolis HS 1 - Oliver Ames HS 0 |
TOP OF THE 3RD |
Indianapolis HS Rifles batting - Pitching for Oliver Ames HS Tigers : LHP Ray Karl
|
Batting: LHB Sam Fuller
|
0-0: SINGLE (Line Drive, 9LM)
|
Batting: RHB Nathan Smith
|
0-0: Called Strike 0-1: Ball 1-1: Ball 2-1: Called Strike 2-2: Strikes out swinging
|
Batting: LHB Jason Welch
|
0-0: Reached on error, E6 (Groundball, 6) Sam Fuller to second
|
Batting: RHB Joe Noble
|
0-0: Foul Ball, location: 2F 0-1: Foul Ball, location: 2F 0-2: Ball 1-2: Foul Ball, location: 2F 1-2: Ball 2-2: Foul Ball, location: 2F 2-2: DOUBLE (Line Drive, 9LM) Sam Fuller scores Jason Welch to third
|
Batting: RHB Joe Farrell
|
0-0: Ball 1-0: SINGLE (Line Drive, 5D) Jason Welch scores Joe Noble to third
|
Batting: LHB Dave Sanders
|
0-0: Called Strike 0-1: Fly out, F8 (Popup, 8LS)
|
Batting: RHB Wesley Wood
|
0-0: Ball 1-0: Foul Ball, location: 2F 1-1: Foul Ball, location: 2F 1-2: Ball 2-2: Foul Ball, location: 2F 2-2: Fly out, F7 (Line Drive, 7S)
|
Top of the 3rd over - 2 run(s), 3 hit(s), 1 error(s), 2 left on base; Indianapolis HS 3 - Oliver Ames HS 0 |
BOTTOM OF THE 3RD |
Oliver Ames HS Tigers batting - Pitching for Indianapolis HS Rifles : RHP Jack Ingram
|
Batting: RHB River Hall
|
0-0: Ground out 5-3 (Groundball, 5F)
|
Batting: RHB Quentin Underwood
|
0-0: Ball 1-0: Ball 2-0: Ball 3-0: Called Strike 3-1: Foul Ball, location: 2F 3-2: Foul Ball, location: 2F 3-2: Base on Balls
|
Batting: RHB Pat Young
|
0-0: Foul Ball, location: 2F 0-1: Ball 1-1: Ball 2-1: Ball 3-1: SINGLE (Line Drive, 8LS) Quentin Underwood to second Runner from 2nd tries for 3rd, SAFE, throw made to third
|
Batting: RHB David Morgan
|
0-0: 3-RUN HOME RUN (Flyball, 7D), Distance : 395 ft
|
Batting: SHB David Castaneda
|
0-0: Called Strike 0-1: Swinging Strike 0-2: Strikes out swinging
|
Batting: LHB Tracy Becker
|
0-0: Called Strike 0-1: Fly out, F6 (Popup, 6S)
|
Bottom of the 3rd over - 3 run(s), 2 hit(s), 0 error(s), 0 left on base; Indianapolis HS 3 - Oliver Ames HS 3 |
TOP OF THE 4TH |
Indianapolis HS Rifles batting - Pitching for Oliver Ames HS Tigers : LHP Ray Karl
|
Batting: RHB Juan Reyes
|
0-0: Foul Ball, location: 2F 0-1: Ball 1-1: Ball 2-1: Swinging Strike 2-2: Foul Ball, location: 2F 2-2: Ball 3-2: Foul Ball, location: 2F 3-2: Strikes out swinging
|
Batting: RHB Lyle Jackson
|
0-0: Called Strike 0-1: Ball 1-1: Ball 2-1: Swinging Strike 2-2: Ball 3-2: SINGLE (Groundball, 4MD)
|
Batting: LHB Sam Fuller
|
0-0: Foul Ball, location: 2F 0-1: Ball 1-1: Ground out 5-3 (Groundball, 56S) Lyle Jackson to second
|
Batting: RHB Nathan Smith
|
0-0: SINGLE (Line Drive, 34) Lyle Jackson to third Runner from 3rd tries for Home, SAFE, no throw or cutoff
|
Batting: LHB Jason Welch
|
0-0: Ball 1-0: Foul Ball, location: 2F 1-1: Ground out 4-3 (Groundball, 4)
|
Top of the 4th over - 1 run(s), 2 hit(s), 0 error(s), 1 left on base; Indianapolis HS 4 - Oliver Ames HS 3 |
BOTTOM OF THE 4TH |
Oliver Ames HS Tigers batting - Pitching for Indianapolis HS Rifles : RHP Jack Ingram
|
Batting: LHB Jason King
|
0-0: Ball 1-0: Foul Ball, location: 2F 1-1: Swinging Strike 1-2: Ball 2-2: Ball 3-2: Strikes out swinging
|
Batting: RHB Keith Thomas
|
0-0: Swinging Strike 0-1: Ball 1-1: Ground out 5-3 (Groundball, 5)
|
Batting: RHB Earl Frank
|
0-0: SINGLE (Popup, 9LS)
|
Batting: RHB River Hall
|
0-0: Ball 1-0: Ball 2-0: Ball 3-0: Base on Balls Earl Frank to second
|
Batting: RHB Quentin Underwood
|
0-0: Ball 1-0: Called Strike 1-1: Foul Ball, location: 2F 1-2: DOUBLE (Flyball, 89M) Earl Frank scores River Hall to third
|
Batting: RHB Pat Young
|
0-0: Called Strike 0-1: SINGLE (Line Drive, 78S) River Hall scores Quentin Underwood to third Runner from 3rd tries for Home, SAFE, no throw or cutoff
|
Batting: RHB David Morgan
|
0-0: Ball 1-0: Ball 2-0: Ball 3-0: Base on Balls Pat Young to second
|
Batting: SHB David Castaneda
|
0-0: Ball 1-0: Called Strike 1-1: Foul Ball, location: 2F 1-2: Ball 2-2: Ball 3-2: Fly out, F4 (Popup, 4M)
|
Bottom of the 4th over - 3 run(s), 3 hit(s), 0 error(s), 2 left on base; Indianapolis HS 4 - Oliver Ames HS 6 |
TOP OF THE 5TH |
Indianapolis HS Rifles batting - Pitching for Oliver Ames HS Tigers : LHP Ray Karl
|
Batting: RHB Joe Noble
|
0-0: Called Strike 0-1: Ball 1-1: Ball 2-1: Ball 3-1: Base on Balls
|
Pitching: LHP Roberto Mercado
|
|
Batting: RHB Joe Farrell
|
0-0: Foul Ball, location: 2F 0-1: Swinging Strike 0-2: Foul Ball, location: 2F 0-2: Ball 1-2: Ball 2-2: Strikes out swinging
|
Batting: LHB Dave Sanders
|
0-0: Ball 1-0: Reached on error, E6 (Groundball, 6M) Joe Noble to second
|
Batting: RHB Wesley Wood
|
0-0: Swinging Strike 0-1: Called Strike 0-2: Ball 1-2: Strikes out swinging
|
Batting: RHB Juan Reyes
|
0-0: Called Strike 0-1: Swinging Strike 0-2: Ball 1-2: Strikes out swinging
|
Top of the 5th over - 0 run(s), 0 hit(s), 1 error(s), 2 left on base; Indianapolis HS 4 - Oliver Ames HS 6 |
BOTTOM OF THE 5TH |
Oliver Ames HS Tigers batting - Pitching for Indianapolis HS Rifles : RHP Jack Ingram
|
Batting: LHB Tracy Becker
|
0-0: Called Strike 0-1: SINGLE (Flyball, 78S)
|
Pitching: RHP Javier Valéncia
|
|
Batting: LHB Jason King
|
0-0: Called Strike 0-1: Foul Ball, location: 2F 0-2: Ball 1-2: Ball 2-2: Ball 3-2: Foul Ball, location: 2F 3-2: Foul Ball, location: 2F 3-2: Foul Ball, location: 2F 3-2: Base on Balls Tracy Becker to second
|
Batting: RHB Keith Thomas
|
0-0: Ball 1-0: Grounds into double play, 1-6-3 (Groundball, 13S) Tracy Becker to third
|
Batting: RHB Earl Frank
|
0-0: Swinging Strike 0-1: Ball 1-1: Ball 2-1: Ground out 6-3 (Groundball, 6)
|
Bottom of the 5th over - 0 run(s), 1 hit(s), 0 error(s), 1 left on base; Indianapolis HS 4 - Oliver Ames HS 6 |
TOP OF THE 6TH |
Indianapolis HS Rifles batting - Pitching for Oliver Ames HS Tigers : LHP Roberto Mercado
|
Batting: RHB Lyle Jackson
|
0-0: Foul Ball, location: 2F 0-1: Ball 1-1: Ball 2-1: Foul Ball, location: 2F 2-2: Strikes out swinging
|
Batting: LHB Sam Fuller
|
0-0: Foul Ball, location: 2F 0-1: Called Strike 0-2: SINGLE (Line Drive, 9LS)
|
Batting: RHB Nathan Smith
|
0-0: Called Strike 0-1: Fielders Choice at 2nd, 6-4 (Groundball, 6)
|
Batting: LHB Jason Welch
|
0-0: Ball 1-0: Ball 2-0: Foul Ball, location: 2F 2-1: Foul Ball, location: 2F 2-2: Foul Ball, location: 2F 2-2: Strikes out swinging
|
Top of the 6th over - 0 run(s), 1 hit(s), 0 error(s), 1 left on base; Indianapolis HS 4 - Oliver Ames HS 6 |
BOTTOM OF THE 6TH |
Oliver Ames HS Tigers batting - Pitching for Indianapolis HS Rifles : RHP Javier Valéncia
|
Batting: RHB River Hall
|
0-0: Foul Ball, location: 2F 0-1: Ball 1-1: Fly out, F8 (Flyball, 8LM)
|
Batting: RHB Quentin Underwood
|
0-0: Ball 1-0: Ground out U3 (Groundball, 3)
|
Batting: RHB Pat Young
|
0-0: Foul Ball, location: 2F 0-1: Ball 1-1: Foul Ball, location: 2F 1-2: Ball 2-2: Strikes out swinging
|
Bottom of the 6th over - 0 run(s), 0 hit(s), 0 error(s), 0 left on base; Indianapolis HS 4 - Oliver Ames HS 6 |
TOP OF THE 7TH |
Indianapolis HS Rifles batting - Pitching for Oliver Ames HS Tigers : LHP Roberto Mercado
|
Pitching: LHP Alex Roberts
|
|
Batting: RHB Joe Noble
|
0-0: Ball 1-0: Swinging Strike 1-1: Called Strike 1-2: Strikes out swinging
|
Batting: RHB Joe Farrell
|
0-0: Called Strike 0-1: Ball 1-1: Foul Ball, location: 2F 1-2: Ball 2-2: Foul Ball, location: 2F 2-2: Strikes out swinging
|
Batting: LHB Dave Sanders
|
0-0: Ball 1-0: Swinging Strike 1-1: Ball 2-1: Foul Ball, location: 2F 2-2: Ball 3-2: Base on Balls
|
Batting: RHB Wesley Wood
|
0-0: Called Strike 0-1: Ball 1-1: Foul Ball, location: 2F 1-2: Foul Ball, location: 2F 1-2: Foul Ball, location: 2F 1-2: Ball 2-2: Ball 3-2: Fly out, F8 (Line Drive, 8LM)
|
Top of the 7th over - 0 run(s), 0 hit(s), 0 error(s), 1 left on base; Indianapolis HS 4 - Oliver Ames HS 6 |
BOTTOM OF THE 7TH |
Oliver Ames HS Tigers batting - Pitching for Indianapolis HS Rifles : RHP Javier Valéncia
|
Pitching: RHP Arnie Zapata
|
|
Batting: RHB David Morgan
|
0-0: Called Strike 0-1: Ball 1-1: Ball 2-1: Swinging Strike 2-2: Ball 3-2: Foul Ball, location: 2F 3-2: Ground out 5-3 (Groundball, 5S)
|
Batting: SHB David Castaneda
|
0-0: Fly out, F7 (Flyball, 7S)
|
Batting: LHB Tracy Becker
|
0-0: Ball 1-0: Called Strike 1-1: Ball 2-1: Ball 3-1: Base on Balls
|
Batting: LHB Jason King
|
0-0: Called Strike 0-1: Ball 1-1: Ball 2-1: Foul Ball, location: 2F 2-2: Foul Ball, location: 2F 2-2: Ground out 4-3 (Groundball, 4)
|
Bottom of the 7th over - 0 run(s), 0 hit(s), 0 error(s), 1 left on base; Indianapolis HS 4 - Oliver Ames HS 6 |
TOP OF THE 8TH |
Indianapolis HS Rifles batting - Pitching for Oliver Ames HS Tigers : LHP Alex Roberts
|
Batting: RHB Juan Reyes
|
0-0: SINGLE (Groundball, 6MD)
|
Batting: RHB Lyle Jackson
|
0-0: Called Strike 0-1: Foul Ball, location: 2F 0-2: Strikes out looking
|
Batting: LHB Sam Fuller
|
0-0: Foul Ball, location: 2F 0-1: Ball 1-1: Ball 2-1: Swinging Strike 2-2: Ball 3-2: Fielders Choice at 2nd, 4-6 (Groundball, 4)
|
Batting: RHB Nathan Smith
|
0-0: Ball 1-0: Fly out, F2 (Popup, 2RF)
|
Top of the 8th over - 0 run(s), 1 hit(s), 0 error(s), 1 left on base; Indianapolis HS 4 - Oliver Ames HS 6 |
BOTTOM OF THE 8TH |
Oliver Ames HS Tigers batting - Pitching for Indianapolis HS Rifles : RHP Arnie Zapata
|
Batting: RHB Keith Thomas
|
0-0: Called Strike 0-1: Ball 1-1: SOLO HOME RUN (Flyball, 7D), Distance : 385 ft
|
Batting: RHB Earl Frank
|
0-0: Swinging Strike 0-1: Foul Ball, location: 2F 0-2: Ball 1-2: Ball 2-2: Strikes out looking
|
Batting: RHB River Hall
|
0-0: Called Strike 0-1: Swinging Strike 0-2: Ball 1-2: Strikes out swinging
|
Batting: RHB Quentin Underwood
|
0-0: Ball 1-0: DOUBLE (Line Drive, 8RM)
|
Batting: RHB Pat Young
|
0-0: Ball Pickoff Throw to Second - Error! E1 Quentin Underwood to third 1-0: Ball 2-0: Ground out 6-3 (Groundball, 6MS)
|
Bottom of the 8th over - 1 run(s), 2 hit(s), 1 error(s), 1 left on base; Indianapolis HS 4 - Oliver Ames HS 7 |
TOP OF THE 9TH |
Indianapolis HS Rifles batting - Pitching for Oliver Ames HS Tigers : LHP Alex Roberts
|
Pitching: RHP Tim Whitacre
|
|
Batting: LHB Jason Welch
|
0-0: Fly out, F4 (Popup, 4M)
|
Batting: RHB Joe Noble
|
0-0: Fly out, F3 (Popup, 3DF)
|
Batting: RHB Joe Farrell
|
0-0: Called Strike 0-1: Foul Ball, location: 2F 0-2: Ball 1-2: Ball 2-2: Foul Ball, location: 2F 2-2: Fly out, F5 (Line Drive, 56)
|
Top of the 9th over - 0 run(s), 0 hit(s), 0 error(s), 0 left on base; Indianapolis HS 4 - Oliver Ames HS 7 |
|